 Dungeon Crawl Stone Soup version 0.20.0-4-g10b340a (webtiles) character file.

27 Rrauwl the Skirmisher (level 3, -10/29 HPs)
             Began as a Human Wanderer on May 28, 2017.
             Killed by nerve-wracking pain
             ... invoked by an orc priest
              (12 damage)
             ... on level 1 of the Dungeon.
             The game lasted 00:03:57 (1241 turns).

Rrauwl the Skirmisher (Human Wanderer)              Turns: 1241, Time: 00:03:58

Health: -10/29     AC:  2    Str: 10    XL:     3   Next: 25%
Magic:  0/4        EV: 11    Int: 15    God:
Gold:   15         SH:  0    Dex: 12    Spells: 3/4 levels left

rFire    . . .     SeeInvis .   m - +0 short sword
rCold    . . .     Gourm    .   (no shield)
rNeg     . . .     Faith    .   d - +0 robe
rPois    .         Spirit   .   (no helmet)
rElec    .         Reflect  .   (no cloak)
rCorr    .         Harm     .   (no gloves)
MR       .....                  (no boots)
Stlth    ++........             (no amulet)
Regen    0.1/turn               (no ring)
MPRegen  0.1/turn               (no ring)

@: no status effects
A: no striking features
a: no special abilities


You were on level 1 of the Dungeon.
You were hungry.

You visited 1 branch of the dungeon, and saw 1 of its levels.

You collected 15 gold pieces.

Inventory:

Hand Weapons
 m - a +0 short sword (weapon)
Missiles
 g - 29 arrows
Armour
 d - a +0 robe (worn)
Scrolls
 c - a scroll of teleportation
 e - a scroll of recharging {unknown}
 h - a scroll of amnesia {unknown}
 k - 5 scrolls of identify {unknown}
 l - a scroll of remove curse {unknown}
Books
 a - a book of Changes

   Spells                             Type                      Level
   a - Beastly Appendage              Transmutation                1
   b - Sticks to Snakes               Transmutation                2
   c - Spider Form                    Transmutation/Poison         3
   d - Ice Form                       Ice/Transmutation            4
   e - Blade Hands                    Transmutation                5
 b - the Handbook of the Birds

   Spells                             Type                      Level
   a - Shock                          Conjuration/Air              1
   b - Mephitic Cloud                 Conjuration/Poison/Air       3
Comestibles
 f - 2 bread rations
 j - a royal jelly
 n - a chunk of flesh
 o - a meat ration


   Skills:
 + Level 3.4 Fighting
 - Level 2.0 Stealth
   Level 1.0 Shields
 - Level 1.0 Spellcasting
   Level 1.0 Hexes
   Level 3.0 Transmutations


You had 3 spell levels left.
You knew the following spells:

 Your Spells              Type           Power        Failure   Level  Hunger
a - Shock                 Conj/Air       #...         24%         1    ##.....


Dungeon Overview and Level Annotations

Branches:
Dungeon (1/15)

Altars:


Message History

You are very lightly contaminated with residual magic.
Nothing appears to happen.
The orc priest drinks a potion.
The orc priest is healed!
An orc wizard comes into view. It is wielding a dagger.
Unknown command.
You completely miss the orc priest.
The orc wizard moves out of view.
The orc priest hits you with a flail!
* * * LOW HITPOINT WARNING * * *
It was a potion of cancellation.
You feel magically purged.
Your magical contamination has completely faded away.
The orc priest closely misses you.
You hit the orc priest.
The orc priest is moderately wounded.
The orc priest closely misses you.
An orc comes into view.
You closely miss the orc priest.
The orc priest is moderately wounded.
The orc priest invokes the aid of Beogh against you.
Pain shoots through your body!
You die...

# #.# #
#.#.#
#.#.#####
#.......#
###.###.#
#oo...#.#
#.#.#.#.#
#o#.#.#.#
#@#.#
#.####
#.....#..
#....#
###
#########
####.#
#.. #.#
#.#
#.#####.#
#.......#
#########


You could see an orc priest and 2 orcs.

Vanquished Creatures
  A dart slug (D:1)
  A leopard gecko (D:1)
  An orc (D:1)
  A giant cockroach (D:1)
  4 goblins (D:1)
  3 hobgoblins (D:1)
  3 jackals (D:1)
  2 bats (D:1)
  A kobold (D:1)
  4 rats (D:1)
21 creatures vanquished.

Notes
Turn   | Place    | Note
-------+----------+-------------------------------------------
     0 | D:1      | Rrauwl the Human Wanderer began the quest for the Orb.
     0 | D:1      | Rrauwl set off with: a book of Changes, the Handbook of the Birds, a scroll of teleportation, a +0 robe, a +0 dagger, a bread ration
     0 | D:1      | Reached XP level 1. HP: 16/16 MP: 2/2
     2 | D:1      | Identified the Handbook of the Birds
     4 | D:1      | Learned a level 1 spell: Shock
   420 | D:1      | Reached XP level 2. HP: 22/23 MP: 3/3
  1098 | D:1      | Reached XP level 3. HP: 26/29 MP: 4/4
  1241 | D:1      | Killed from afar by an orc priest

Skill      XL: |  1  2 |
---------------+-------+-----
Fighting       | 3 |  3.4
Stealth        | |  2.0
Shields        | |  1.0
Spellcasting   | |  1.0
Hexes          | |  1.0
Transmutations | |  3.0

Action                   || total
-------------------------++-------
Melee: Dagger            ||    39
       Short sword       ||    53
 Cast: Shock             ||    14
  Use: Potion            ||     1
 Stab: Sleeping          ||     1
  Eat: Chunk             ||     1
Armor: Robe              ||    20
Dodge: Dodged            ||    60
